 Dungeon Crawl Stone Soup version 0.32-a0-685-g93135e8 (webtiles) character file.

Game seed: 13511803575495616238

734 Dorkslayer the Ruffian (level 7, -2/46 HPs)
             Began as an Octopode Fighter on Mar 12, 2024.
             Succumbed to a kobold brigand's curare-tipped dart
             ... on level 6 of the Dungeon.
             The game lasted 00:13:36 (3374 turns).

Dorkslayer the Ruffian (Octopode Fighter)           Turns: 3374, Time: 00:13:37

Health: -2/46      AC:  1    Str: 17    XL:     7   Next: 74%
Magic:  0/7        EV: 13    Int: 10    God:
Gold:   169        SH:  4    Dex: 12    Spells: 6/6 levels left

rFire   . .          .
                       - Unarmed
rCold   . . .        a - +0 buckler
rNeg    . . .        (helmet currently unavailable)
rPois   .            o - amulet of guardian spirit
rElec   .            i - ring of willpower
rCorr   .            (no ring)
SInv    .            (no ring)
Will    +....        (no ring)
Stlth   +++          (no ring)
HPRegen 0.27/turn    (no ring)
MPRegen 0.10/turn    (no ring)
                     (no ring)

%: guardian spirit
@: lethally poisoned (-2 -> -21), beast-form, slowed, very slow
A: beast (slay +1), almost no armour, amphibious, 8 rings, camouflage 1,
gelatinous body 1, (nimble swimmer 1), tentacles
a: Begin Untransformation


You were on level 6 of the Dungeon.
You were a hulking beast.
You visited 1 branch of the dungeon, and saw 6 of its levels.

You collected 257 gold pieces.
You spent 88 gold pieces at shops.

Inventory:

Hand Weapons
 p - a +1 whip of draining
Missiles
 q - 5 boomerangs (quivered)
Armour
 a - a +0 buckler (worn)
Jewellery
 i - a ring of willpower (left tentacle)
 o - an amulet of guardian spirit (around mantle)
Talismans
 u - a beast talisman (active)
Wands
 f - a wand of light (9)
 y - a wand of flame (23)
Scrolls
 d - a scroll of revelation
 e - 2 scrolls of noise {unknown}
 g - 2 scrolls of immolation {unknown}
 k - a scroll of fog {unknown}
 m - 4 scrolls of amnesia {unknown}
 n - a scroll of vulnerability {unknown}
 s - a scroll of poison
 t - 2 scrolls of fear {unknown}
 x - a scroll of torment {unknown}
Potions
 c - a potion of lignification
 h - a potion of resistance {unknown}
 j - 2 potions of enlightenment
 l - a potion of mutation {unknown}
 w - 2 potions of brilliance


   Skills:
 + Level 3.4 Fighting
 + Level 0.4 Throwing
 + Level 3.8 Dodging
 + Level 4.1 Stealth
 + Level 3.7 Shields
 * Level 5.8 Unarmed Combat
 * Level 1.7 Evocations
 * Level 2.4 Shapeshifting


You had 6 spell levels left.
You didn't know any spells.
Your spell library contained the following spells:

 Spells                   Type           Power      Damage    Failure   Level
 Shock                    Conj/Air       0%         1d3       43%         1
 Frozen Ramparts          Ice            0%         1d1       82%         3
 Ozocubu's Armour         Ice            0%         N/A       82%         3
 Swiftness                Air            0%         N/A       82%         3
 Airstrike                Air            0%         2d(0-16)  99%         4
 Animate Dead             Necr           0%         N/A       99%         4
 Metabolic Englaciation   Hex/Ice        0%         N/A       100%        5
 Haunt                    Necr/Summ      0%         N/A       100%        7
 Infestation              Necr           0%         N/A       100%        8


Dungeon Overview and Level Annotations

Branches:
Dungeon (6/15)
 Temple: D:4-7

Altars:
Dithmenos
Sif Muna
Uskayaw

Shops:
D:2 [!=   D:4 *(*   D:6 *


Innate Abilities, Weirdness & Mutations

You are a hulking beast.
Your limbs bulge with bestial killing power. (Slay +1)
You cannot wear most types of armour.
You are amphibious.
You can wear up to eight rings at the same time.
Your skin changes colour to match your surroundings (Stealth+).
Your rubbery body absorbs attacks. (AC +1, EV +1)
((You are camouflaged when in or above water. (Stealth+)))
You have tentacles for arms and can constrict up to eight enemies at once.


Message History

Found a stone staircase leading down.
k - a scroll labelled YSINEB ROSO
Okay, then.
The kobold brigand throws a curare-tipped dart.
The curare-tipped dart hits you.
You are poisoned.
You have difficulty breathing.
* * * LOW HITPOINT WARNING * * *
You feel yourself slow down.
You see here 10 gold pieces.
You feel sick.
The kobold brigand throws a curare-tipped dart.
The curare-tipped dart hits you.
You are more poisoned.
You have difficulty breathing.
* * * LOW HITPOINT WARNING * * *
You feel as though you will be slow longer.
The kobold throws a stone.
The stone hits you.
* * * LOW HITPOINT WARNING * * *
The kobold brigand throws a curare-tipped dart.
You block the curare-tipped dart.
You feel better.
The kobold brigand throws a curare-tipped dart.
The curare-tipped dart barely misses you.
The kobold throws a stone.
The stone closely misses you.
The kobold throws a stone.
You block the stone.
The kobold brigand throws a curare-tipped dart.
You block the curare-tipped dart.
You are no longer corroded.
The kobold brigand throws a curare-tipped dart.
The curare-tipped dart hits you.
You are lethally poisoned!
You have difficulty breathing.
* * * LOW HITPOINT WARNING * * *
You feel as though you will be slow longer.
The kobold throws a stone.
The stone closely misses you.
The kobold brigand throws a curare-tipped dart.
You block the curare-tipped dart.
Okay, then.
You die...

.K.#)...##....#...........#.##
.K.Ko....###...............#
##.....#............<.....J##
##.)S[# ##..<..h.)......hJl#
#.l.#.# #.K.##+......J..#.##
#..(###Y# #.$K#∩#.........#.s.
... .. #...###l.......?##.. ..
##. #...............#... .
#.#####.h...........#....
#....###.....#.....##....
####........######..#....
#........# #.#.... #.......>#
.#.... #........# #....
#####........#
###............#
........####...#


You could see a black bear (wandering), a kobold brigand, an iguana (wandering)
and a kobold.

Vanquished Creatures
  Sigmund (D:5)
  Menkaure (D:5)
  A black bear (D:5)
  An ogre (D:4)
  A scorpion (D:4)
  A hound (D:5)
  2 orc wizards (D:4)
  Ijyb (D:5)
  4 adders
  2 dart slugs
  A ribbon worm (D:2)
  10 orcs
  5 bats
  3 endoplasms
  4 giant cockroaches
  10 hobgoblins
  2 jackals (D:1)
  7 kobolds
  2 quokkas
  6 ball pythons
  3 frilled lizards
  3 goblins
  9 rats
80 creatures vanquished.

Notes
Turn   | Place    | Note
-------+----------+-------------------------------------------
     0 | D:1      | Dorkslayer the Octopode Fighter began the quest for the
                  | Orb.
     0 | D:1      | Reached XP level 1. HP: 16/16 MP: 1/1
   105 | D:1      | Reached XP level 2. HP: 18/21 MP: 2/2
   428 | D:1      | Reached XP level 3. HP: 26/26 MP: 3/3
   433 | D:1      | Found a faded altar of an unknown god.
   795 | D:2      | Found Jiwoubbi's Jewellery Emporium.
   837 | D:2      | Reached skill level 1 in Stealth
   916 | D:2      | Found Yliyl's Distillery.
   925 | D:2      | Bought a potion of curing for 33 gold pieces
   944 | D:2      | Found Roraresk's Antique Armour Boutique.
  1032 | D:2      | Reached skill level 3 in Unarmed Combat
  1174 | D:2      | Reached XP level 4. HP: 22/29 MP: 2/4
  1799 | D:3      | Found a shimmering blue altar of Sif Muna.
  2248 | D:4      | Reached XP level 5. HP: 25/36 MP: 2/5
  2426 | D:4      | Noticed an ogre
  2442 | D:4      | Killed an ogre
  2443 | D:4      | Reached skill level 4 in Unarmed Combat
  2443 | D:4      | Reached skill level 1 in Shapeshifting
  2527 | D:4      | Reached XP level 6. HP: 42/42 MP: 6/6
  2848 | D:4      | Found Razuass's Assorted Antiques.
  2848 | D:4      | Found Kexaskik's Antique Weapon Boutique.
  2861 | D:4      | Found Ifoxkafi's General Store.
  2941 | D:4      | Bought a scroll of identify for 22 gold pieces
  2941 | D:4      | Bought a scroll of teleportation for 33 gold pieces
  3109 | D:5      | Entered Level 5 of the Dungeon
  3109 | D:5      | Noticed Ijyb
  3113 | D:5      | Killed Ijyb
  3165 | D:5      | Found a shadowy altar of Dithmenos.
  3167 | D:5      | Noticed a black bear
  3168 | D:5      | Noticed Sigmund
  3179 | D:5      | Killed Sigmund
  3180 | D:5      | Reached skill level 5 in Unarmed Combat
  3180 | D:5      | Reached skill level 1 in Evocations
  3180 | D:5      | Reached XP level 7. HP: 43/46 MP: 7/7
  3222 | D:5      | Noticed Menkaure
  3231 | D:5      | Killed Menkaure
  3249 | D:5      | You fall into a shaft and drop 1 floor!
  3316 | D:6      | Found Exzoxtuoc's General Store.
  3345 | D:6      | Found a hide-covered altar of Uskayaw.
  3369 | D:6      | HP: 1/46 [kobold/stone (2)]
  3374 | D:6      | Succumbed to a kobold brigand's curare-tipped dart

Illustrated notes

Levels and vault maps discovered:
D:1:      giann_forest_graveyard, layout_rooms,
          shapermc_ecumenical_altar_hornbeckon, minmay_tromino_i2
D:2:      layout_basic, serial_shops, shop, shop,
          nicolae_shop_tiny_real_fake_doors
D:3:      layout_loops_cross, hellmonk_sif_muna_bookshelves, chequers_avenue
D:4:      layout_basic, nicolae_shop_distant_corner_stores, minmay_ruptured
D:5:      dreamdust_elfheim, layout_loops_ring, nicolae_dithmenos_the_darkroom,
          minmay_temple_entry_drinking_statues, kennysheep_generic_room_4,
          uniq_menkaure, uniq_ijyb, uniq_sigmund, uniq_eustachio
D:6:      layout_rooms, nicolae_uskayaw_dance_hall, serial_shops,
          nicolae_shop_tiny_glass, corner_web_ring

Skill      XL: |  1  2  3  4  5  6  7 |
---------------+----------------------+-----
Stealth        | 1 2 3 4 |  4.1
Unarmed Combat | 3 4 5 |  5.8
Shapeshifting  | 1 2 |  2.4
Evocations     | 1 |  1.7
Fighting       | |  3.4
Throwing       | |  0.4
Dodging        | |  3.8
Shields        | |  3.7

Action                     |  1- 3 |  4- 6 |  7- 9 || total
---------------------------+-------+-------+-------++-------
  Melee: Unarmed           |    80 |    69 |     9 ||   158
         Constrict         |    29 |    16 |       ||    45
         Tentacles         |    20 |    21 |     1 ||    42
         Punch             |     3 |     3 |     1 ||     7
  Throw: Boomerang         |       |     2 |       ||     2
  Evoke: Wand              |       |       |     3 ||     3
    Use: Potion            |       |     5 |     4 ||     9
         Scroll            |       |     6 |     4 ||    10
   Stab: Sleeping          |     9 |     5 |       ||    14
 Armour: Skin              |    32 |    37 |    14 ||    83
  Dodge: Dodged            |    33 |    33 |    21 ||    87
  Block: Buckler           |    19 |    18 |     7 ||    44
   Form: Beast             |       |     1 |       ||     1

Table legend: (Time is in decaauts)
 A = Elapsed time spent in this place.
 B = Non-inter-level travel time spent in this place.
 C = Inter-level travel time spent in this place.
 D = Time resting spent in this place.
 E = Time spent auto-exploring this place.
 F = Levels seen in this place.
 G = Mean time per level.
                   A        B        C        D        E       F      G
               +--------+--------+--------+--------+--------+-----+--------+
         Total |   3355 |   3355 |      0 |      0 |   1707 |   6 |  559.2 |
       Dungeon |   3355 |   3355 |      0 |      0 |   1707 |   6 |  559.2 |
               +--------+--------+--------+--------+--------+-----+--------+

Top non-repeatable levels by time:
     D:3: 871 daAuts
     D:4: 823 daAuts
     D:2: 750 daAuts
     D:1: 666 daAuts
     D:6: 127 daAuts
     D:5: 117 daAuts
